TOP OF THE 1ST |
Burlington Royals batting - Pitching for Detroit (APP) Tigers : RHP Felipe Guevara
|
Pitching: RHP Felipe Guevara
|
|
Batting: RHB Kyle Finney
|
0-0: Ball 1-0: Fly out, F8 (Line Drive, 8LM, EV 93.8 MPH)
|
Batting: RHB Josh Massey
|
0-0: Called Strike 0-1: Foul Ball, location: 2F 0-2: Ball 1-2: Ball 2-2: Ball 3-2: SINGLE (Groundball, 34D, EV 100.0 MPH)
|
Batting: RHB Luis Mendoza
|
0-0: Ball 1-0: Swinging Strike 1-1: Ball 2-1: Ball 3-1: SINGLE (Groundball, 34, EV 106.9 MPH) Josh Massey to second Throwing error, E9 Josh Massey scores Luis Mendoza to second
|
Batting: RHB Simon Sultzbach
|
0-0: Ball 1-0: Called Strike 1-1: Foul Ball, location: 2F 1-2: DOUBLE (Flyball, 8RXD, EV 111.9 MPH) Luis Mendoza scores
|
Batting: RHB Esteban Acuna
|
0-0: Ball 1-0: Ball 2-0: Ball Wild Pitch! Simon Sultzbach to third 3-0: Base on Balls
|
Batting: RHB Leo Lopez
|
0-0: Called Strike 0-1: Ball Wild Pitch! Simon Sultzbach scores Esteban Acuna to second 1-1: Swinging Strike 1-2: Strikes out swinging
|
Batting: RHB Matt Weddle
|
0-0: Called Strike 0-1: Called Strike 0-2: Ball 1-2: Strikes out looking
|
Top of the 1st over - 3 runs, 3 hits, 1 error, 1 left on base; Burlington 3 - Detroit (APP) 0 |
BOTTOM OF THE 1ST |
Detroit (APP) Tigers batting - Pitching for Burlington Royals : LHP Billy Wessel
|
Pitching: LHP Billy Wessel
|
|
Batting: RHB Alex Duarte
|
0-0: Called Strike 0-1: Ball 1-1: Foul Ball, location: 2F 1-2: Foul Ball, location: 2F 1-2: SINGLE (Groundball, 56D, EV 109.4 MPH) (infield hit)
|
Batting: RHB Jamie Villagrana
|
0-0: Ball 1-0: Ball 2-0: Ball 3-0: Foul Ball, location: 2F 3-1: Called Strike 3-2: Base on Balls Alex Duarte to second
|
Batting: RHB Nate Dabney
|
0-0: Ball 1-0: Foul Ball, location: 2F 1-1: Foul Ball, location: 2F 1-2: DOUBLE (Line Drive, 7LM, EV 104.4 MPH) Alex Duarte scores Jamie Villagrana to third
|
Batting: RHB Jorge Lebron
|
0-0: Called Strike 0-1: Ball 1-1: Ball 2-1: Ball 3-1: SINGLE (Groundball, 6MD, EV 100.6 MPH) Jamie Villagrana scores Nate Dabney to third
|
Batting: RHB Khalil Coleman
|
0-0: Called Strike 0-1: Grounds into double play, 6-4-3 (Groundball, 6, EV 100.0 MPH) Nate Dabney scores
|
Batting: RHB Willie Ochoa
|
0-0: Called Strike 0-1: Ball 1-1: Ball 2-1: Called Strike 2-2: Ball 3-2: Base on Balls
|
Batting: RHB Cody Kafer
|
0-0: DOUBLE (Line Drive, 89D, EV 104.4 MPH) Willie Ochoa to third Runner from 3rd tries for Home, SAFE, throw by CF to trailing runner, SAFE at third!
|
Batting: RHB Peter Jones
|
0-0: SINGLE (Groundball, 6MD, EV 96.9 MPH) Cody Kafer scores
|
Batting: RHB Rick Brinkmann
|
0-0: Foul Ball, location: 2F 0-1: Foul Ball, location: 2F 0-2: Ground out U3 (Groundball, 34S, EV 85.6 MPH)
|
Bottom of the 1st over - 5 runs, 5 hits, 0 errors, 1 left on base; Burlington 3 - Detroit (APP) 5 |
TOP OF THE 2ND |
Burlington Royals batting - Pitching for Detroit (APP) Tigers : RHP Felipe Guevara
|
Batting: RHB Nick Spriggs
|
0-0: Called Strike 0-1: Foul Ball, location: 2F 0-2: Strikes out looking
|
Batting: RHB Danny Jefferies
|
0-0: Called Strike 0-1: Called Strike 0-2: Ball 1-2: Strikes out swinging
|
Batting: RHB Kyle Finney
|
0-0: Ground out 6-3 (Groundball, 56D, EV 85.0 MPH)
|
Top of the 2nd over - 0 runs, 0 hits, 0 errors, 0 left on base; Burlington 3 - Detroit (APP) 5 |
BOTTOM OF THE 2ND |
Detroit (APP) Tigers batting - Pitching for Burlington Royals : LHP Billy Wessel
|
Batting: RHB Alex Duarte
|
0-0: Ground out 4-3 (Groundball, 4, EV 80.0 MPH)
|
Batting: RHB Jamie Villagrana
|
0-0: Ball 1-0: Ball 2-0: SOLO HOME RUN (Flyball, 9LD, EV 93.8 MPH), Distance : 346 ft
|
Batting: RHB Nate Dabney
|
0-0: Ball 1-0: Called Strike 1-1: Swinging Strike 1-2: Ground out 6-3 (Groundball, 6, EV 86.2 MPH)
|
Batting: RHB Jorge Lebron
|
0-0: Called Strike 0-1: Ground out 6-3 (Groundball, 6, EV 90.6 MPH)
|
Bottom of the 2nd over - 1 run, 1 hit, 0 errors, 0 left on base; Burlington 3 - Detroit (APP) 6 |
TOP OF THE 3RD |
Burlington Royals batting - Pitching for Detroit (APP) Tigers : RHP Felipe Guevara
|
Batting: RHB Josh Massey
|
0-0: Ball 1-0: Called Strike 1-1: Ball 2-1: Ball 3-1: Base on Balls
|
Batting: RHB Luis Mendoza
|
0-0: Called Strike 0-1: Grounds into double play, 4-6-3 (Groundball, 4, EV 96.9 MPH)
|
Batting: RHB Simon Sultzbach
|
0-0: Foul Ball, location: 2F 0-1: Called Strike 0-2: Ball 1-2: Fly out, F8 (Flyball, 8RM, EV 94.4 MPH)
|
Top of the 3rd over - 0 runs, 0 hits, 0 errors, 0 left on base; Burlington 3 - Detroit (APP) 6 |
BOTTOM OF THE 3RD |
Detroit (APP) Tigers batting - Pitching for Burlington Royals : LHP Billy Wessel
|
Batting: RHB Khalil Coleman
|
0-0: Ball 1-0: Foul Ball, location: 2F 1-1: Swinging Strike 1-2: Ball 2-2: Fly out, F9 (Flyball, 9D, EV 103.1 MPH)
|
Batting: RHB Willie Ochoa
|
0-0: Called Strike 0-1: Ball 1-1: Ball 2-1: Ball 3-1: Foul Ball, location: 2F 3-2: Fly out, F9 (Flyball, 9, EV 85.6 MPH)
|
Batting: RHB Cody Kafer
|
0-0: Ball 1-0: Ball 2-0: Fly out, F8 (Line Drive, 8LD, EV 93.8 MPH)
|
Bottom of the 3rd over - 0 runs, 0 hits, 0 errors, 0 left on base; Burlington 3 - Detroit (APP) 6 |
TOP OF THE 4TH |
Burlington Royals batting - Pitching for Detroit (APP) Tigers : RHP Felipe Guevara
|
Batting: RHB Esteban Acuna
|
0-0: Foul Ball, location: 2F 0-1: Ball 1-1: Ground out 6-3 (Groundball, 56, EV 108.1 MPH)
|
Batting: RHB Leo Lopez
|
0-0: Ball 1-0: Swinging Strike 1-1: Foul Ball, location: 2F 1-2: Ground out 6-3 (Groundball, 6, EV 85.0 MPH)
|
Batting: RHB Matt Weddle
|
0-0: Swinging Strike 0-1: Ball 1-1: DOUBLE (Line Drive, 7LS, EV 105.0 MPH)
|
Batting: RHB Nick Spriggs
|
0-0: Ball 1-0: Hit by Pitch
|
Batting: RHB Danny Jefferies
|
0-0: Called Strike 0-1: Ball 1-1: SINGLE (Flyball, 4MD, EV 88.1 MPH) Matt Weddle to third Nick Spriggs to second Runner from 3rd tries for Home, SAFE, throw by CF to home
|
Batting: RHB Kyle Finney
|
0-0: Called Strike 0-1: Ball 1-1: Ball 2-1: Foul Ball, location: 2F 2-2: Foul Ball, location: 2F 2-2: Foul Ball, location: 2F 2-2: Fielders Choice at 2nd, 5-4 (Groundball, 56, EV 83.8 MPH)
|
Top of the 4th over - 1 run, 2 hits, 0 errors, 2 left on base; Burlington 4 - Detroit (APP) 6 |
BOTTOM OF THE 4TH |
Detroit (APP) Tigers batting - Pitching for Burlington Royals : LHP Billy Wessel
|
Batting: RHB Peter Jones
|
0-0: Called Strike 0-1: Swinging Strike 0-2: Hit by Pitch
|
Pitching: LHP David Wright
|
|
Batting: RHB Rick Brinkmann
|
0-0: SINGLE (Groundball, 34D, EV 101.2 MPH) Peter Jones to second
|
Batting: RHB Alex Duarte
|
0-0: Called Strike 0-1: Ball 1-1: 3-RUN HOME RUN (Line Drive, 78XD, EV 101.2 MPH), Distance : 400 ft
|
Batting: RHB Jamie Villagrana
|
0-0: Ground out 6-3 (Groundball, 6, EV 99.4 MPH)
|
Batting: RHB Nate Dabney
|
0-0: SINGLE (Groundball, 56D, EV 95.0 MPH)
|
Batting: RHB Jorge Lebron
|
0-0: Grounds into double play, 4-6-3 (Groundball, 34, EV 111.2 MPH)
|
Bottom of the 4th over - 3 runs, 3 hits, 0 errors, 0 left on base; Burlington 4 - Detroit (APP) 9 |
TOP OF THE 5TH |
Burlington Royals batting - Pitching for Detroit (APP) Tigers : RHP Felipe Guevara
|
Batting: RHB Josh Massey
|
0-0: Ball 1-0: Foul Ball, location: 2F 1-1: Called Strike 1-2: Foul Ball, location: 2F 1-2: Ball 2-2: Foul Ball, location: 2F 2-2: Ground out 6-3 (Groundball, 6M, EV 94.4 MPH)
|
Batting: RHB Luis Mendoza
|
0-0: Called Strike 0-1: Ball 1-1: Fly out, F7 (Line Drive, 7, EV 92.5 MPH)
|
Batting: RHB Simon Sultzbach
|
0-0: Called Strike 0-1: Swinging Strike 0-2: Ground out 6-3 (Groundball, 6, EV 102.5 MPH)
|
Top of the 5th over - 0 runs, 0 hits, 0 errors, 0 left on base; Burlington 4 - Detroit (APP) 9 |
BOTTOM OF THE 5TH |
Detroit (APP) Tigers batting - Pitching for Burlington Royals : LHP David Wright
|
Batting: RHB Khalil Coleman
|
0-0: Foul Ball, location: 2F 0-1: SOLO HOME RUN (Flyball, 89XD, EV 98.8 MPH), Distance : 396 ft
|
Batting: RHB Willie Ochoa
|
0-0: Called Strike 0-1: Foul Ball, location: 2F 0-2: Ball 1-2: Ground out 4-3 (Groundball, 4, EV 91.9 MPH)
|
Batting: RHB Cody Kafer
|
0-0: Foul Ball, location: 2F 0-1: Called Strike 0-2: Foul Ball, location: 2F 0-2: Foul Ball, location: 2F 0-2: Ball 1-2: Ball 2-2: Strikes out swinging
|
Pitching: RHP Ryan Robbins
|
|
Batting: RHB Peter Jones
|
0-0: Ball 1-0: Ball 2-0: Swinging Strike 2-1: Called Strike 2-2: Strikes out swinging
|
Bottom of the 5th over - 1 run, 1 hit, 0 errors, 0 left on base; Burlington 4 - Detroit (APP) 10 |
TOP OF THE 6TH |
Burlington Royals batting - Pitching for Detroit (APP) Tigers : RHP Felipe Guevara
|
Pitching: RHP Edwin Torres
|
|
Batting: RHB Esteban Acuna
|
0-0: Ball 1-0: Fly out, F8 (Line Drive, 8LM, EV 86.9 MPH)
|
Batting: RHB Leo Lopez
|
0-0: Ball 1-0: Ball 2-0: Called Strike 2-1: Foul Ball, location: 2F 2-2: Ball 3-2: Base on Balls
|
Batting: RHB Matt Weddle
|
0-0: Called Strike 0-1: Foul Ball, location: 2F 0-2: Ball 1-2: Foul Ball, location: 2F 1-2: Ball 2-2: Ball 3-2: Strikes out swinging
|
Batting: RHB Nick Spriggs
|
0-0: Foul Ball, location: 2F 0-1: Ball 1-1: Foul Ball, location: 2F 1-2: SINGLE (Groundball, 56D, EV 99.4 MPH) Leo Lopez to second
|
Batting: RHB Danny Jefferies
|
0-0: Ball 1-0: Swinging Strike 1-1: Ground out 1-3 (Groundball, 13, EV 67.5 MPH)
|
Top of the 6th over - 0 runs, 1 hit, 0 errors, 2 left on base; Burlington 4 - Detroit (APP) 10 |
BOTTOM OF THE 6TH |
Detroit (APP) Tigers batting - Pitching for Burlington Royals : RHP Ryan Robbins
|
Batting: RHB Rick Brinkmann
|
0-0: Ball 1-0: Ball 2-0: SINGLE (Groundball, 6MD, EV 103.8 MPH)
|
Batting: RHB Alex Duarte
|
0-0: Ball 1-0: Called Strike 1-1: Called Strike 1-2: SINGLE (Groundball, 56, EV 103.1 MPH) (infield hit) Rick Brinkmann to second
|
Batting: RHB Jamie Villagrana
|
0-0: SINGLE (Groundball, 56S, EV 70.0 MPH) (infield hit) Rick Brinkmann to third Alex Duarte to second
|
Batting: RHB Nate Dabney
|
0-0: Ball 1-0: Called Strike 1-1: SINGLE (Line Drive, 3D, EV 98.8 MPH) Rick Brinkmann scores Alex Duarte to third Jamie Villagrana to second
|
Batting: RHB Jorge Lebron
|
0-0: Foul Ball, location: 2F 0-1: Ball 1-1: DOUBLE (Flyball, 8RXD, EV 105.0 MPH) Alex Duarte scores Jamie Villagrana scores Nate Dabney to third
|
Pitching: LHP Omar Nogueira
|
|
Batting: RHB Khalil Coleman
|
0-0: Ground out 5-3 (Groundball, 5, EV 93.1 MPH)
|
Batting: RHB Willie Ochoa
|
0-0: Ball 1-0: Ball 2-0: Ball 3-0: Called Strike 3-1: Base on Balls
|
Batting: RHB Cody Kafer
|
0-0: Ball 1-0: Foul Ball, location: 2F 1-1: Swinging Strike 1-2: Ball 2-2: Ball Passed Ball! Nate Dabney scores Jorge Lebron to third Willie Ochoa to second 3-2: Base on Balls
|
Batting: RHB Peter Jones
|
0-0: Ball 1-0: Ball 2-0: Ball 3-0: Called Strike 3-1: Base on Balls Jorge Lebron scores Willie Ochoa to third Cody Kafer to second
|
Batting: RHB Rick Brinkmann
|
0-0: Called Strike 0-1: Ball 1-1: Foul Ball, location: 2F 1-2: Foul Ball, location: 2F 1-2: Foul Ball, location: 2F 1-2: GRAND SLAM HOME RUN (Flyball, 7LD, EV 97.5 MPH), Distance : 345 ft
|
Pitching: RHP Jimmy Black
|
|
Batting: RHB Alex Duarte
|
0-0: SINGLE (Groundball, 4MD, EV 111.2 MPH)
|
Batting: RHB Jamie Villagrana
|
0-0: Ball 1-0: SINGLE (Groundball, 34D, EV 95.6 MPH) Alex Duarte to second Runner from 2nd tries for 3rd, SAFE, throw by RF made to third
|
Batting: RHB Nate Dabney
|
0-0: Called Strike 0-1: Ball 1-1: Ball 2-1: Ball 3-1: Called Strike 3-2: Foul Ball, location: 2F 3-2: Foul Ball, location: 2F 3-2: Base on Balls Jamie Villagrana to second
|
Batting: RHB Jorge Lebron
|
0-0: Ball 1-0: Foul Ball, location: 2F 1-1: Foul Ball, location: 2F 1-2: Ball 2-2: DOUBLE (Groundball, 5L, EV 110.0 MPH) Alex Duarte scores Jamie Villagrana scores Nate Dabney to third
|
Batting: RHB Khalil Coleman
|
0-0: Ball 1-0: DOUBLE (Line Drive, 7LS, EV 103.8 MPH) Nate Dabney scores Jorge Lebron scores
|
Pitching: LHP Javy Rueda
|
|
Batting: RHB Willie Ochoa
|
0-0: Foul Ball, location: 2F 0-1: Ball 1-1: Foul Ball, location: 2F 1-2: Ball 2-2: Foul Ball, location: 2F 2-2: Ground out U3 (Groundball, 13, EV 79.4 MPH) Khalil Coleman to third
|
Batting: RHB Cody Kafer
|
0-0: Ball Wild Pitch! Khalil Coleman scores 1-0: Ball 2-0: Foul Ball, location: 2F 2-1: Ball 3-1: Base on Balls
|
Batting: RHB Peter Jones
|
0-0: Ground out 4-3 (Groundball, 4, EV 94.4 MPH)
|
Bottom of the 6th over - 14 runs, 10 hits, 0 errors, 1 left on base; Burlington 4 - Detroit (APP) 24 |
TOP OF THE 7TH |
Burlington Royals batting - Pitching for Detroit (APP) Tigers : RHP Edwin Torres
|
Batting: RHB Kyle Finney
|
0-0: Ball 1-0: Ball 2-0: Ball 3-0: Base on Balls
|
Batting: RHB Josh Massey
|
0-0: Ball 1-0: Grounds into double play, 5-4-3 (Groundball, 56, EV 78.8 MPH)
|
Batting: RHB Luis Mendoza
|
0-0: Called Strike 0-1: Ball 1-1: Ball 2-1: Foul Ball, location: 2F 2-2: Fly out, F7 (Flyball, 7S, EV 85.6 MPH)
|
Top of the 7th over - 0 runs, 0 hits, 0 errors, 0 left on base; Burlington 4 - Detroit (APP) 24 |
BOTTOM OF THE 7TH |
Detroit (APP) Tigers batting - Pitching for Burlington Royals : LHP Javy Rueda
|
Batting: RHB Rick Brinkmann
|
0-0: Foul Ball, location: 2F 0-1: Swinging Strike 0-2: Foul Ball, location: 2F 0-2: Ball 1-2: Fly out, F7 (Flyball, 7D, EV 100.6 MPH)
|
Batting: RHB Alex Duarte
|
0-0: Ball 1-0: Ball 2-0: Ball 3-0: Base on Balls
|
Batting: RHB Jamie Villagrana
|
0-0: Ball 1-0: Called Strike 1-1: Foul Ball, location: 2F 1-2: SINGLE (Groundball, 6, EV 108.1 MPH) Alex Duarte to second
|
Batting: RHB Nate Dabney
|
0-0: Called Strike 0-1: Foul Ball, location: 2F 0-2: Ball 1-2: 3-RUN HOME RUN (Flyball, 7D, EV 96.2 MPH), Distance : 360 ft
|
Batting: RHB Jorge Lebron
|
0-0: Ball 1-0: SOLO HOME RUN (Flyball, 7D, EV 97.5 MPH), Distance : 359 ft
|
Batting: RHB Khalil Coleman
|
0-0: Called Strike 0-1: Called Strike 0-2: Ball 1-2: Fly out, F7 (Line Drive, 7, EV 96.2 MPH)
|
Batting: RHB Willie Ochoa
|
0-0: Ball 1-0: Ball 2-0: Swinging Strike 2-1: Fly out, F5 (Popup, 56S, EV 73.1 MPH)
|
Bottom of the 7th over - 4 runs, 3 hits, 0 errors, 0 left on base; Burlington 4 - Detroit (APP) 28 |
TOP OF THE 8TH |
Burlington Royals batting - Pitching for Detroit (APP) Tigers : RHP Edwin Torres
|
Batting: RHB Simon Sultzbach
|
0-0: Ball 1-0: SINGLE (Groundball, 56D, EV 109.4 MPH)
|
Pitching: RHP Victor Altagracia
|
|
Pinch Hitting: SHB Gary Woodroffe
|
0-0: Ball 1-0: Ball 2-0: Ball 3-0: Base on Balls Simon Sultzbach to second
|
Batting: RHB Leo Lopez
|
0-0: Foul Ball, location: 2F 0-1: Ball 1-1: Ball 2-1: Grounds into double play, 6-4-3 (Groundball, 6MD, EV 100.6 MPH) Simon Sultzbach to third
|
Pinch Hitting: RHB Chris Stec
|
0-0: Called Strike 0-1: Ground out 4-3 (Groundball, 4, EV 81.9 MPH)
|
Top of the 8th over - 0 runs, 1 hit, 0 errors, 1 left on base; Burlington 4 - Detroit (APP) 28 |
BOTTOM OF THE 8TH |
Detroit (APP) Tigers batting - Pitching for Burlington Royals : LHP Javy Rueda
|
Now at 2B: Kyle Finney
|
|
Now at SS: John Normand
|
|
Now in LF: Chris Stec
|
|
Batting: RHB Cody Kafer
|
0-0: Called Strike 0-1: Ball 1-1: Swinging Strike 1-2: Ball 2-2: Strikes out swinging
|
Pitching: RHP David Bialas
|
|
Batting: RHB Peter Jones
|
0-0: SINGLE (Groundball, 6D, EV 100.0 MPH)
|
Batting: RHB Rick Brinkmann
|
0-0: Ball 1-0: Ball 2-0: Foul Ball, location: 2F 2-1: Ball 3-1: Foul Ball, location: 2F 3-2: Strikes out looking
|
Batting: RHB Alex Duarte
|
0-0: Ball 1-0: Called Strike 1-1: SINGLE (Groundball, 56D, EV 85.6 MPH) (infield hit) Peter Jones to second
|
Batting: RHB Jamie Villagrana
|
0-0: Called Strike 0-1: Ball 1-1: Ball 2-1: SINGLE (Groundball, 4M, EV 85.6 MPH) (infield hit) Peter Jones to third Alex Duarte to second
|
Batting: RHB Nate Dabney
|
0-0: Ball 1-0: Called Strike 1-1: Ball 2-1: Ball 3-1: Base on Balls Peter Jones scores Alex Duarte to third Jamie Villagrana to second
|
Pitching: RHP Ramiro Castillo
|
|
Batting: RHB Jorge Lebron
|
0-0: Foul Ball, location: 2F 0-1: Swinging Strike 0-2: Ball 1-2: Ground out U3 (Groundball, 23, EV 80.6 MPH)
|
Bottom of the 8th over - 1 run, 3 hits, 0 errors, 3 left on base; Burlington 4 - Detroit (APP) 29 |
TOP OF THE 9TH |
Burlington Royals batting - Pitching for Detroit (APP) Tigers : RHP Victor Altagracia
|
Batting: RHB Nick Spriggs
|
0-0: Ball 1-0: Called Strike 1-1: Foul Ball, location: 2F 1-2: Strikes out swinging
|
Batting: RHB Danny Jefferies
|
0-0: Ground out 6-3 (Groundball, 6, EV 86.2 MPH)
|
Batting: RHB Kyle Finney
|
0-0: Ball 1-0: Foul Ball, location: 2F 1-1: Called Strike 1-2: Ball 2-2: Ball 3-2: SOLO HOME RUN (Flyball, 7D, EV 95.0 MPH), Distance : 361 ft
|
Batting: RHB Josh Massey
|
0-0: Fly out, F8 (Flyball, 8LD, EV 98.8 MPH)
|
Top of the 9th over - 1 run, 1 hit, 0 errors, 0 left on base; Burlington 5 - Detroit (APP) 29 |
|